| TOP OF THE 1ST |
|---|
| Clemson Tigers batting - Pitching for Florida State Seminoles : RHP Chad Booth | | Pitching: RHP Chad Booth | | | Batting: RHB Jaden Smith | 0-0: Ball 1-0: Ball 2-0: Called Strike 2-1: Ball 3-1: Base on Balls | | Batting: RHB Terry Jackson | 0-0: SINGLE (Flyball, 34D) Jaden Smith to second Runner from 2nd tries for 3rd, SAFE, no throw | | Batting: LHB Mike Ridlon | 0-0: Ball 1-0: Ball 2-0: SINGLE (Flyball, 9S) Jaden Smith scores Terry Jackson to second | | Batting: RHB Josh Nesbit | 0-0: Ball 1-0: Swinging Strike 1-1: Ball 2-1: Ball 3-1: Base on Balls Terry Jackson to third Mike Ridlon to second | | Batting: RHB John Camelio | 0-0: Ball 1-0: Ball 2-0: Ball 3-0: Called Strike 3-1: Base on Balls Terry Jackson scores Mike Ridlon to third Josh Nesbit to second | | Batting: RHB Jordan Cota | 0-0: Called Strike 0-1: SINGLE (Flyball, 8RS) Mike Ridlon scores Josh Nesbit to third John Camelio to second | | Batting: RHB Gernot Hohenwart | 0-0: Ball 1-0: Fielders Choice at 3rd, U5 (Groundball, 5L) Josh Nesbit scores Jordan Cota to second | | Batting: SHB Alex Rodriguez | 0-0: Ball 1-0: Called Strike 1-1: Ball 2-1: Ball 3-1: Foul Ball, location: 2F 3-2: Strikes out looking | | Batting: RHB Chris Hoglund | 0-0: Fielders Choice at 2nd, 6-4 (Groundball, 6) | | Top of the 1st over - 4 run(s), 3 hit(s), 0 error(s), 1 left on base; Clemson 4 - Florida State 0 | | BOTTOM OF THE 1ST |
|---|
| Florida State Seminoles batting - Pitching for Clemson Tigers : RHP Andy Turnbow | | Pitching: RHP Andy Turnbow | | | Batting: LHB Matt Stancliff | 0-0: Called Strike 0-1: Fly out, F7 (Flyball, 7) | | Batting: RHB Nick Seales | 0-0: Ball 1-0: Ball 2-0: SINGLE (Groundball, 56D) | | Batting: RHB Garrett Fortson | 0-0: Called Strike 0-1: Ball 1-1: Called Strike 1-2: Fielders Choice at 2nd, 5-4 (Groundball, 56) | | Batting: RHB Scott Harroun | 0-0: Ball 1-0: Ball 2-0: Ball 3-0: Called Strike 3-1: Foul Ball, location: 2F 3-2: Base on Balls Garrett Fortson to second | | Batting: RHB Austin Ricks | 0-0: Ball 1-0: Foul Ball, location: 2F 1-1: Foul Ball, location: 2F 1-2: Fly out, F8 (Flyball, 8LD) | | Bottom of the 1st over - 0 run(s), 1 hit(s), 0 error(s), 2 left on base; Clemson 4 - Florida State 0 | | TOP OF THE 2ND |
|---|
| Clemson Tigers batting - Pitching for Florida State Seminoles : RHP Chad Booth | | Batting: RHB Jaden Smith | 0-0: DOUBLE (Groundball, 5L) | | Batting: RHB Terry Jackson | 0-0: Called Strike 0-1: Ball 1-1: Foul Ball, location: 2F 1-2: Ball 2-2: Foul Ball, location: 2F 2-2: Ball 3-2: Strikes out swinging | | Batting: LHB Mike Ridlon | 0-0: Called Strike 0-1: Ball 1-1: Foul Ball, location: 2F 1-2: Fly out, F8 (Line Drive, 8RD) | | Batting: RHB Josh Nesbit | 0-0: Called Strike 0-1: Ball 1-1: Swinging Strike 1-2: Strikes out swinging | | Top of the 2nd over - 0 run(s), 1 hit(s), 0 error(s), 1 left on base; Clemson 4 - Florida State 0 | | BOTTOM OF THE 2ND |
|---|
| Florida State Seminoles batting - Pitching for Clemson Tigers : RHP Andy Turnbow | | Batting: RHB Ryan Babcock | 0-0: Ball 1-0: Ball 2-0: Ball 3-0: Called Strike 3-1: Base on Balls | | Batting: RHB Matt Bruckman | 0-0: Called Strike 0-1: SINGLE (Groundball, 56D) Ryan Babcock to second | | Batting: RHB Andy Harris | 0-0: Called Strike 0-1: Foul Ball, location: 2F 0-2: Strikes out looking | | Batting: LHB Ken Glover | 0-0: Called Strike 0-1: Ball 1-1: Swinging Strike 1-2: Foul Ball, location: 2F 1-2: SINGLE (Groundball, 34D) Ryan Babcock to third Matt Bruckman to second Runner from 3rd tries for Home, SAFE, no throw | | Batting: LHB Matt Stancliff | 0-0: Ball 1-0: Called Strike 1-1: Called Strike 1-2: Grounds into double play, 6-4-3 (Groundball, 6) | | Bottom of the 2nd over - 1 run(s), 2 hit(s), 0 error(s), 1 left on base; Clemson 4 - Florida State 1 | | TOP OF THE 3RD |
|---|
| Clemson Tigers batting - Pitching for Florida State Seminoles : RHP Chad Booth | | Batting: RHB John Camelio | 0-0: Ball 1-0: Called Strike 1-1: Foul Ball, location: 2F 1-2: Strikes out swinging | | Batting: RHB Jordan Cota | 0-0: Foul Ball, location: 2F 0-1: Called Strike 0-2: Foul Ball, location: 2F 0-2: Ball 1-2: Foul Ball, location: 2F 1-2: Ball 2-2: DOUBLE (Flyball, 9LD) | | Batting: RHB Gernot Hohenwart | 0-0: Swinging Strike 0-1: Ball 1-1: Ball 2-1: Foul Ball, location: 2F 2-2: Foul Ball, location: 2F 2-2: Ball 3-2: Foul Ball, location: 2F 3-2: SINGLE (Groundball, 6MD) Jordan Cota to third Runner from 3rd tries for Home, SAFE, no throw | | Pitching: LHP Allen Turner | | | Batting: SHB Alex Rodriguez | 0-0: Called Strike 0-1: Swinging Strike 0-2: Hit by Pitch Gernot Hohenwart to second | | Batting: RHB Chris Hoglund | 0-0: Called Strike 0-1: Ball 1-1: Ball 2-1: Ball 3-1: Base on Balls Gernot Hohenwart to third Alex Rodriguez to second | | Batting: RHB Jaden Smith | 0-0: Ball 1-0: Grounds into fielders choice 1-2 (Groundball, 15S) Alex Rodriguez to third Chris Hoglund to second | | Batting: RHB Terry Jackson | 0-0: Ball 1-0: Ground out 3-1 (Groundball, 34S) | | Top of the 3rd over - 1 run(s), 2 hit(s), 0 error(s), 3 left on base; Clemson 5 - Florida State 1 | | BOTTOM OF THE 3RD |
|---|
| Florida State Seminoles batting - Pitching for Clemson Tigers : RHP Andy Turnbow | | Batting: RHB Nick Seales | 0-0: Ball 1-0: Called Strike 1-1: Fly out, F2 (Popup, 23F) | | Batting: RHB Garrett Fortson | 0-0: Ball 1-0: Called Strike 1-1: Swinging Strike 1-2: Ball 2-2: Strikes out looking | | Batting: RHB Scott Harroun | 0-0: Swinging Strike 0-1: SINGLE (Groundball, 6D) | | Batting: RHB Austin Ricks | 0-0: Ball 1-0: Foul Ball, location: 2F 1-1: SINGLE (Line Drive, 9LS) Scott Harroun to second | | Batting: RHB Ryan Babcock | 0-0: Ball 1-0: Ball 2-0: Ground out 4-3 (Groundball, 4) | | Bottom of the 3rd over - 0 run(s), 2 hit(s), 0 error(s), 2 left on base; Clemson 5 - Florida State 1 | | TOP OF THE 4TH |
|---|
| Clemson Tigers batting - Pitching for Florida State Seminoles : LHP Allen Turner | | Batting: LHB Mike Ridlon | 0-0: Ground out 6-3 (Groundball, 6) | | Batting: RHB Josh Nesbit | 0-0: Called Strike 0-1: Called Strike 0-2: Ball 1-2: Ball 2-2: Ball 3-2: Fly out, F4 (Popup, 34S) | | Batting: RHB John Camelio | 0-0: Foul Ball, location: 2F 0-1: Ball 1-1: SINGLE (Groundball, 6D) | | Batting: RHB Jordan Cota | 0-0: Called Strike 0-1: Called Strike 0-2: Foul Ball, location: 2F 0-2: Foul Ball, location: 2F 0-2: Strikes out swinging | | Top of the 4th over - 0 run(s), 1 hit(s), 0 error(s), 1 left on base; Clemson 5 - Florida State 1 | | BOTTOM OF THE 4TH |
|---|
| Florida State Seminoles batting - Pitching for Clemson Tigers : RHP Andy Turnbow | | Batting: RHB Matt Bruckman | 0-0: Foul Ball, location: 2F 0-1: Fly out, F7 (Flyball, 7S) | | Batting: RHB Andy Harris | 0-0: Ball 1-0: Ground out 5-3 (Groundball, 56) | | Batting: LHB Ken Glover | 0-0: Swinging Strike 0-1: Ball 1-1: Swinging Strike 1-2: Ground out 1-3 (Groundball, 13S) | | Bottom of the 4th over - 0 run(s), 0 hit(s), 0 error(s), 0 left on base; Clemson 5 - Florida State 1 | | TOP OF THE 5TH |
|---|
| Clemson Tigers batting - Pitching for Florida State Seminoles : LHP Allen Turner | | Batting: RHB Gernot Hohenwart | 0-0: Swinging Strike 0-1: SINGLE (Groundball, 6MD) | | Batting: SHB Alex Rodriguez | 0-0: Called Strike 0-1: Foul Ball, location: 2F 0-2: Fly out, F3 (Popup, 23F) | | Batting: RHB Chris Hoglund | 0-0: Ball 1-0: Called Strike 1-1: Foul Ball, location: 2F 1-2: Ball 2-2: Foul Ball, location: 2F 2-2: Strikes out swinging | | Batting: RHB Jaden Smith | 0-0: Called Strike 0-1: Ball 1-1: Ball 2-1: SINGLE (Groundball, 56D) Gernot Hohenwart to second | | Batting: RHB Terry Jackson | 0-0: Ball 1-0: Ball 2-0: Called Strike 2-1: Fly out, F9 (Flyball, 89M) | | Top of the 5th over - 0 run(s), 2 hit(s), 0 error(s), 2 left on base; Clemson 5 - Florida State 1 | | BOTTOM OF THE 5TH |
|---|
| Florida State Seminoles batting - Pitching for Clemson Tigers : RHP Andy Turnbow | | Batting: LHB Matt Stancliff | 0-0: Ball 1-0: Ball 2-0: Called Strike 2-1: Ground out 4-3 (Groundball, 4) | | Batting: RHB Nick Seales | 0-0: Foul Ball, location: 2F 0-1: Ball 1-1: Called Strike 1-2: Foul Ball, location: 2F 1-2: Ball 2-2: Ground out 5-3 (Groundball, 56S) | | Batting: RHB Garrett Fortson | 0-0: Ball 1-0: Ball 2-0: Called Strike 2-1: SINGLE (Flyball, 89M) | | Batting: RHB Scott Harroun | 0-0: Ball 1-0: Fly out, F6 (Popup, 6M) | | Bottom of the 5th over - 0 run(s), 1 hit(s), 0 error(s), 1 left on base; Clemson 5 - Florida State 1 | | TOP OF THE 6TH |
|---|
| Clemson Tigers batting - Pitching for Florida State Seminoles : LHP Allen Turner | | Batting: LHB Mike Ridlon | 0-0: SINGLE (Line Drive, 78S) | | Batting: RHB Josh Nesbit | 0-0: Ball 1-0: Fly out, F8 (Flyball, 89S) | | Batting: RHB John Camelio | 0-0: Ball 1-0: Called Strike 1-1: Ball 2-1: SINGLE (Groundball, 34D) Mike Ridlon to second Runner from 2nd tries for 3rd, SAFE, no throw | | Batting: RHB Jordan Cota | 0-0: Called Strike 0-1: Ball 1-1: Ball 2-1: Fly out, F4 (Popup, 4M) | | Batting: RHB Gernot Hohenwart | 0-0: Swinging Strike 0-1: Fly out, F8 (Flyball, 8RD) | | Top of the 6th over - 0 run(s), 2 hit(s), 0 error(s), 2 left on base; Clemson 5 - Florida State 1 | | BOTTOM OF THE 6TH |
|---|
| Florida State Seminoles batting - Pitching for Clemson Tigers : RHP Andy Turnbow | | Batting: RHB Austin Ricks | 0-0: Ball 1-0: Ball 2-0: Called Strike 2-1: Swinging Strike 2-2: Foul Ball, location: 2F 2-2: TRIPLE (Groundball, 5L) | | Pitching: LHP Amir Watson | | | Batting: RHB Ryan Babcock | 0-0: Swinging Strike 0-1: Ball 1-1: Foul Ball, location: 2F 1-2: Strikes out looking | | Batting: RHB Matt Bruckman | 0-0: Ball 1-0: Fly out, F7 (Flyball, 7D) Runner from 3rd tags up, SCORES, throw made | | Batting: RHB Andy Harris | 0-0: Foul Ball, location: 2F 0-1: Ball 1-1: Ball 2-1: Ground out 1-3 (Groundball, 13) | | Bottom of the 6th over - 1 run(s), 1 hit(s), 0 error(s), 0 left on base; Clemson 5 - Florida State 2 | | TOP OF THE 7TH |
|---|
| Clemson Tigers batting - Pitching for Florida State Seminoles : LHP Allen Turner | | Pitching: RHP Rusty Hatfield | | | Batting: SHB Alex Rodriguez | 0-0: Ball 1-0: Ball 2-0: Called Strike 2-1: Ball 3-1: Base on Balls | | Batting: RHB Chris Hoglund | 0-0: Called Strike 0-1: Foul Ball, location: 2F 0-2: Strikes out looking | | Batting: RHB Jaden Smith | 0-0: Ball 1-0: Ball 2-0: Ball 3-0: Called Strike 3-1: Foul Ball, location: 2F 3-2: DOUBLE (Line Drive, 7LD) Alex Rodriguez to third Runner from 3rd tries for Home, SAFE, no throw | | Batting: RHB Terry Jackson | 0-0: Called Strike 0-1: Ball 1-1: Swinging Strike 1-2: Ball 2-2: Ball 3-2: Foul Ball, location: 2F 3-2: Ground out 4-3 (Groundball, 4S) Jaden Smith to third | | Batting: LHB Mike Ridlon | 0-0: Called Strike 0-1: Swinging Strike 0-2: Ball 1-2: 2-RUN HOME RUN (Flyball, 9D), Distance : 374 ft | | Batting: RHB Josh Nesbit | 0-0: Called Strike 0-1: Ball 1-1: SINGLE (Line Drive, 6) | | Batting: RHB John Camelio | 0-0: SINGLE (Groundball, 6D) Josh Nesbit to second Runner from 2nd tries for 3rd, SAFE, no throw | | Batting: RHB Jordan Cota | 0-0: Ground out 6-3 (Groundball, 6S) | | Top of the 7th over - 3 run(s), 4 hit(s), 0 error(s), 2 left on base; Clemson 8 - Florida State 2 | | BOTTOM OF THE 7TH |
|---|
| Florida State Seminoles batting - Pitching for Clemson Tigers : LHP Amir Watson | | Batting: LHB Ken Glover | 0-0: Fly out, F9 (Line Drive, 9) | | Batting: LHB Matt Stancliff | 0-0: Ball 1-0: SINGLE (Groundball, 6M) (infield hit) | | Batting: RHB Nick Seales | 0-0: Ball 1-0: Foul Ball, location: 2F 1-1: Ball 2-1: Grounds into double play, 4-6-3 (Groundball, 4) | | Bottom of the 7th over - 0 run(s), 1 hit(s), 0 error(s), 0 left on base; Clemson 8 - Florida State 2 | | TOP OF THE 8TH |
|---|
| Clemson Tigers batting - Pitching for Florida State Seminoles : RHP Rusty Hatfield | | Batting: RHB Gernot Hohenwart | 0-0: Ball 1-0: Fly out, F7 (Flyball, 78S) | | Batting: SHB Alex Rodriguez | 0-0: Ball 1-0: Ball 2-0: Ball 3-0: Base on Balls | | Batting: RHB Chris Hoglund | 0-0: Ball 1-0: Foul Ball, location: 2F 1-1: Foul Ball, location: 2F 1-2: Foul Ball, location: 2F 1-2: DOUBLE (Flyball, 89D) Alex Rodriguez to third | | Batting: RHB Jaden Smith | 0-0: Ball 1-0: Ball 2-0: Ground out 6-3 (Groundball, 6M) Alex Rodriguez scores Chris Hoglund to third | | Batting: RHB Terry Jackson | 0-0: Ball 1-0: Called Strike 1-1: Foul Ball, location: 2F 1-2: Foul Ball, location: 2F 1-2: SINGLE (Line Drive, 78S) Chris Hoglund scores | | Batting: LHB Mike Ridlon | 0-0: Ball 1-0: Ball 2-0: Ball 3-0: Base on Balls Terry Jackson to second | | Batting: RHB Josh Nesbit | 0-0: Foul Ball, location: 2F 0-1: Ball 1-1: Ball 2-1: Called Strike 2-2: SINGLE (Flyball, 78S) Terry Jackson to third Mike Ridlon to second | | Batting: RHB John Camelio | 0-0: Called Strike 0-1: Called Strike 0-2: Ball Wild Pitch! Terry Jackson scores Mike Ridlon to third Josh Nesbit to second 1-2: Ball 2-2: Ball 3-2: Base on Balls | | Batting: RHB Jordan Cota | 0-0: Ball 1-0: Called Strike 1-1: Ball 2-1: Ball 3-1: Reached on error, E6 (Groundball, 6) Mike Ridlon scores Josh Nesbit to third John Camelio to second | | Batting: RHB Gernot Hohenwart | 0-0: Called Strike 0-1: Called Strike 0-2: Ball 1-2: Ground out 6-3 (Groundball, 6M) | | Top of the 8th over - 4 run(s), 3 hit(s), 1 error(s), 3 left on base; Clemson 12 - Florida State 2 | | BOTTOM OF THE 8TH |
|---|
| Florida State Seminoles batting - Pitching for Clemson Tigers : LHP Amir Watson | | Batting: RHB Garrett Fortson | 0-0: Foul Ball, location: 2F 0-1: Ball 1-1: Swinging Strike 1-2: Strikes out swinging | | Batting: RHB Scott Harroun | 0-0: Foul Ball, location: 2F 0-1: Swinging Strike 0-2: Fly out, F8 (Flyball, 8LM) | | Batting: RHB Austin Ricks | 0-0: Ball 1-0: Ball 2-0: Ground out 1-3 (Groundball, 13S) | | Bottom of the 8th over - 0 run(s), 0 hit(s), 0 error(s), 0 left on base; Clemson 12 - Florida State 2 | | TOP OF THE 9TH |
|---|
| Clemson Tigers batting - Pitching for Florida State Seminoles : RHP Rusty Hatfield | | Pitching: RHP Jonathan Thom | | | Batting: SHB Alex Rodriguez | 0-0: Called Strike 0-1: Called Strike 0-2: Ball 1-2: Ball 2-2: Foul Ball, location: 2F 2-2: Ground out 4-3 (Groundball, 34D) | | Batting: RHB Chris Hoglund | 0-0: Called Strike 0-1: DOUBLE (Flyball, 8LD) | | Batting: RHB Jaden Smith | 0-0: Ball Wild Pitch! Chris Hoglund to third 1-0: Ball 2-0: Ball 3-0: Base on Balls | | Batting: RHB Terry Jackson | 0-0: Called Strike 0-1: Called Strike 0-2: Ball 1-2: Strikes out swinging | | Batting: LHB Mike Ridlon | 0-0: Called Strike 0-1: Ball 1-1: Foul Ball, location: 2F 1-2: Ball 2-2: Ball 3-2: Foul Ball, location: 2F 3-2: Base on Balls Jaden Smith to second | | Batting: RHB Josh Nesbit | 0-0: Ball 1-0: SINGLE (Groundball, 5D) Chris Hoglund scores Jaden Smith to third Mike Ridlon to second Runner from 3rd tries for Home, SAFE, no throw | | Batting: RHB John Camelio | 0-0: SINGLE (Line Drive, 4D) Mike Ridlon to third Josh Nesbit to second Runner from 3rd tries for Home, SAFE, no throw | | Batting: RHB Jordan Cota | 0-0: Ball 1-0: Called Strike 1-1: Called Strike 1-2: Ball Wild Pitch! Josh Nesbit to third John Camelio to second 2-2: Foul Ball, location: 2F 2-2: Ground out 5-3 (Groundball, 5D) | | Top of the 9th over - 3 run(s), 3 hit(s), 0 error(s), 2 left on base; Clemson 15 - Florida State 2 | | BOTTOM OF THE 9TH |
|---|
| Florida State Seminoles batting - Pitching for Clemson Tigers : LHP Amir Watson | | Now at 2B: Nelson Mendoza | | | Now in LF: Joe Vogt | | | Batting: RHB Ryan Babcock | 0-0: Ground out 3-1 (Groundball, 34S) | | Batting: RHB Matt Bruckman | 0-0: Called Strike 0-1: Ball 1-1: Ball 2-1: Fly out, F7 (Flyball, 7D) | | Batting: RHB Andy Harris | 0-0: Foul Ball, location: 2F 0-1: Ball 1-1: Ball 2-1: Ball 3-1: Called Strike 3-2: Base on Balls | | Batting: LHB Ken Glover | 0-0: Fly out, F7 (Line Drive, 7) | | Bottom of the 9th over - 0 run(s), 0 hit(s), 0 error(s), 1 left on base; Clemson 15 - Florida State 2 | |